 Dungeon Crawl Stone Soup version 0.28-a0-991-g956f0ee3d5 (webtiles) character file.

Game seed: 14829035551656894099

182 horus123 the Sneak (level 5, -6/34 HPs)
             Began as an Octopode Brigand on Dec 4, 2021.
             Was an Initiate of Nemelex Xobeh.
             Mangled by Pargi (7 damage)
             ... in a sewer.
             The game lasted 00:07:50 (2419 turns).

horus123 the Sneak (Octopode Brigand)               Turns: 2419, Time: 00:07:51

Health: -6/34      AC:  1    Str: 11    XL:     5   Next: 61%
Magic:  26/26      EV: 12    Int: 13    God:    Nemelex Xobeh [......]
Gold:   119        SH:  0    Dex: 15    Spells: 7/8 levels left

rFire   . . .      SeeInvis .   a - +2 dagger
rCold   . . .      Faith    .   (no shield)
rNeg    . . .      Spirit   .   (helmet restricted)
rPois   .          Reflect  .   f - amulet of the acrobat
rElec   .          Harm     .   e - ring of magical power
rCorr   .          Rampage  .   i - ring of magical power
Will    .....                   (no ring)
Stlth   +++++.....              (no ring)
HPRegen 0.11/turn               (no ring)
MPRegen 0.20/turn               (no ring)
                                (no ring)
                                (no ring)

@: no status effects
A: almost no armour, amphibious, 8 rings, camouflage 1, gelatinous body 1,
(nimble swimmer 1), tentacles
a: Renounce Religion, Draw Escape, Draw Destruction, Draw Summoning


You were in a sewer.
You worshipped Nemelex Xobeh.
Nemelex Xobeh was noncommittal.
You visited 1 branch of the dungeon, and saw 3 of its levels.
You also visited: Sewer.

You collected 119 gold pieces.

Inventory:

Hand Weapons
 a - a +2 dagger (weapon)
 d - a +1 dagger of venom
Missiles
 c - a curare-tipped dart (quivered)
Armour
 g - a +1 kite shield
Jewellery
 e - a ring of magical power (left tentacle)
 f - an amulet of the acrobat (around mantle)
 i - a ring of magical power (right tentacle)
Scrolls
 o - a scroll of teleportation
Potions
 h - 2 potions of haste
 j - a potion of cancellation


   Skills:
 - Level 2.0 Fighting
 - Level 2.0 Short Blades
 - Level 2.0 Throwing
 - Level 1.0 Dodging
 - Level 7.3 Stealth
 - Level 2.0 Spellcasting
 + Level 2.7 Translocations


You had 7 spell levels left.
You knew the following spells:

 Your Spells              Type           Power      Damage    Failure   Level
a - Apportation           Tloc           16%        N/A       9%          1

Your spell library contained the following spells:

 Spells                   Type           Power      Damage    Failure   Level
 Alistair's Intoxication  Tmut/Pois      0%         N/A       100%        5


Dungeon Overview and Level Annotations

Branches:
Dungeon (3/15)              Sewer (1/1)

Altars:
Nemelex Xobeh

Shops:
D:2 *

Annotations:
Sewer Pargi


Innate Abilities, Weirdness & Mutations

You cannot wear most types of armour.
You are amphibious.
You can wear up to eight rings at the same time.
Your skin changes colour to match your surroundings (Stealth+).
Your rubbery body absorbs attacks. (AC +1, EV +1)
((You are camouflaged near water. (Stealth+)))
You have tentacles for arms and can constrict up to eight enemies at once.


Message History

You hit Pargi.
Pargi is heavily wounded.
Pargi closely misses you. Pargi claws you. x2
You hit Pargi.
Pargi is heavily wounded.
You hit Pargi. You squeeze Pargi.
Pargi is severely wounded.
Pargi looks more healthy.
Pargi bites you but does no damage. Pargi claws you. x2
You hit Pargi. Your squeeze misses Pargi.
Pargi is severely wounded.
Pargi bites you. Pargi closely misses you. x2
You hit Pargi. Your squeeze misses Pargi.
Pargi is severely wounded.
Pargi barely misses you. Pargi claws you. Pargi barely misses you.
You hit Pargi. Your squeeze misses Pargi.
Pargi is almost dead.
Pargi barely misses you. Pargi claws you. x2
You are too injured to fight recklessly!
You are too injured to fight recklessly!
You closely miss Pargi. Your squeeze misses Pargi.
Pargi is almost dead.
Pargi bites you!
* * * LOW HITPOINT WARNING * * *
Pargi claws you but does no damage. Pargi claws you.
* * * LOW HITPOINT WARNING * * *
You miss Pargi.
Pargi is almost dead.
Pargi bites you but does no damage. Pargi misses you. Pargi barely misses you.
You closely miss Pargi. You squeeze Pargi.
Pargi is almost dead.
Pargi looks around nervously.
Pargi completely misses you. Pargi claws you.
* * * LOW HITPOINT WARNING * * *
Pargi claws you.
* * * LOW HITPOINT WARNING * * *
You hit Pargi.
Pargi is almost dead.
Pargi bites you!
You die...
Your body disappears without a glow.

#.≈≈≈≈≈≈≈≈# ##≈≈≈≈≈≈≈#
##.≈≈≈≈≈≈# #..≈≈≈≈≈≈#
###.≈≈≈≈≈≈##
###≈≈≈≈≈≈≈≈≈≈#
##.≈≈≈≈≈≈≈≈≈≈≈≈#
#.#≈≈≈≈≈≈≈≈≈≈≈≈#
######.@≈≈≈≈≈≈≈≈≈≈≈≈#
##∩∩.##T≈≈≈≈≈≈≈≈≈≈≈≈##
###≈≈≈≈.≈≈≈≈≈≈≈≈≈≈≈≈≈≈#
≈.##≈≈≈≈≈≈≈≈≈≈≈≈≈≈≈≈≈≈≈≈##
≈≈.≈≈≈≈≈≈≈≈≈≈≈≈≈≈≈≈≈≈≈≈≈#
≈≈≈≈≈≈≈≈≈†≈≈≈≈≈≈≈≈≈≈≈≈≈≈
≈≈≈≈≈≈≈≈†≈≈≈≈≈≈≈≈≈≈≈≈≈#
≈≈≈≈≈≈≈≈≈≈≈≈≈≈≈≈≈≈≈###
≈≈≈≈≈≈≈≈≈≈≈≈≈≈≈≈≈≈≈#


You could see Pargi.

Vanquished Creatures
  Crazy Yiuf (D:2)
  Terence (D:2)
  Robin (D:2)
  4 adders (D:2)
  2 worms
  3 dart slugs
  An orc (D:2)
  7 bats (D:1)
  An endoplasm (D:1)
  3 giant cockroaches
  12 goblins
  5 hobgoblins
  6 kobolds
  4 quokkas (D:2)
  9 ball pythons
  5 frilled lizards
  4 rats
69 creatures vanquished.

Notes
Turn   | Place    | Note
-------+----------+-------------------------------------------
     0 | D:1      | horus123 the Octopode Brigand began the quest for the Orb.
     0 | D:1      | Reached XP level 1. HP: 14/14 MP: 1/1
   128 | D:1      | Reached XP level 2. HP: 19/19 MP: 2/2
   140 | D:1      | Reached skill level 6 in Stealth
   552 | D:1      | Reached XP level 3. HP: 24/24 MP: 3/3
   701 | D:1      | Found a faded altar of an unknown god.
   863 | D:2      | Reached skill level 7 in Stealth
   870 | D:2      | Found Anamet's General Store.
   904 | D:2      | Learned a level 1 spell: Apportation
  1034 | D:2      | Found a sparkling altar of Nemelex Xobeh.
  1063 | D:2      | Reached skill level 1 in Spellcasting
  1063 | D:2      | Reached XP level 4. HP: 29/29 MP: 5/5
  1099 | D:2      | Became a worshipper of Nemelex Xobeh the Trickster
  1136 | D:2      | Noticed Terence
  1143 | D:2      | Killed Terence
  1229 | D:2      | Noticed Robin
  1383 | D:2      | Reached skill level 1 in Translocations
  1383 | D:2      | Reached XP level 5. HP: 34/34 MP: 8/8
  1396 | D:2      | Killed Robin
  1681 | D:2      | Found a runed translucent door.
  1682 | D:2      | Noticed Crazy Yiuf
  1990 | D:2      | Killed Crazy Yiuf
  2248 | D:3      | Found a glowing drain.
  2313 | Sewer    | Entered a sewer
  2367 | Sewer    | Noticed Pargi
  2418 | Sewer    | HP: 1/34 [Pargi (4)]
  2419 | Sewer    | Mangled by Pargi

Illustrated notes

Levels and vault maps discovered:
D:1:      dpeg_arrival_shelter, layout_basic,
          hellmonk_ecumenical_altar_crossroads, roderic_serpentine_path
D:2:      layout_loops_cross, serial_shops, shop, basic_altar,
          uniq_crazy_yiuf_cottage, uniq_terence, uniq_robin
D:3:      layout_rooms, cheibrodos_sewer_entry_sluice, minmay_strange_pillars
Sewer:    sewer_co_pargi_island

Skill      XL: |  1  2  3  4  5 |
---------------+----------------+-----
Stealth        | 6 7 |  7.3
Spellcasting   | 1 2 |  2.0
Translocations | 1 2 |  2.7
Fighting       | |  2.0
Short Blades   | |  2.0
Throwing       | |  2.0
Dodging        | |  1.0

Action                   |  1- 3 |  4- 6 || total
-------------------------+-------+-------++-------
Melee: Dagger            |    47 |    73 ||   120
       Constrict         |    11 |    14 ||    25
       Tentacles         |     8 |    16 ||    24
Throw: Dart              |    21 |    17 ||    38
  Use: Scroll            |     1 |     6 ||     7
 Stab: Sleeping          |    13 |     4 ||    17
Armor: Skin              |     5 |     5 ||    10
Dodge: Dodged            |    32 |    48 ||    80

Table legend: (Time is in decaauts)
 A = Elapsed time spent in this place.
 B = Non-inter-level travel time spent in this place.
 C = Inter-level travel time spent in this place.
 D = Time resting spent in this place.
 E = Time spent auto-exploring this place.
 F = Levels seen in this place.
 G = Mean time per level.
                   A        B        C        D        E       F      G
               +--------+--------+--------+--------+--------+-----+--------+
         Total |   2387 |   2346 |     41 |    299 |   1437 |   4 |  596.8 |
       Dungeon |   2284 |   2243 |     41 |    299 |   1413 |   3 |  761.3 |
         Sewer |    103 |    103 |      0 |      0 |     24 |   1 |  103.0 |
               +--------+--------+--------+--------+--------+-----+--------+

Top non-repeatable levels by time:
     D:2: 1234 daAuts
     D:1: 855 daAuts
     D:3: 193 daAuts
   Sewer: 103 daAuts
